 Dungeon Sprint DCSS version 0.24-a0-525-g9231cdcba1 (webtiles) character file.

Game seed: 7885629599499957453

604 Atelerd the Fighter (level 7, -7/71 HPs)
             Began as a Hill Orc Fighter on Aug 2, 2019.
             Mangled by a guardian mummy (8 damage)
             ... in the Dungeon (Sprint V: "Ziggurat Sprint").
             The game lasted 00:01:43 (537 turns).

Atelerd the Fighter (Hill Orc Fighter)               Turns: 537, Time: 00:01:44

Health: -7/71      AC: 29    Str: 19    XL:     7   Next: 42%
Magic:  8/8        EV:  7    Int:  8    God:
Gold:   0          SH:  0    Dex: 12    Spells: 8/8 levels left

rFire    + + .     SeeInvis .   L - +7 great mace "Firestarter" {inner flame, rF++}
rCold    . . .     Gourm    .   (shield currently unavailable)
rNeg     . . .     Faith    .   J - +15 Maxwell's patent armour {-Cast -Tele rElec MR+ rCorr}
rPois    .         Spirit   .   (no helmet)
rElec    +         Reflect  .   (no cloak)
rCorr    +         Harm     .   (no gloves)
MR       +....     NoTele   +   (no boots) Stlth ..........NoCast +
                                (no amulet)
HPRegen  0.21/turn              (no ring)
MPRegen  0.11/turn              (no ring)

@: no status effects
A: no striking features
a: no special abilities


You were in the Dungeon.
You were not hungry.

You visited 1 branch

Inventory:

Hand Weapons
 a - a +0 flail
 H - the +10 dark maul {crush}
   (You found it in the Dungeon)

   It inflicts extra damage upon your enemies.
 I - the cursed +14 obsidian axe {chop, +Fly SInv *Curse}
   (You found it in the Dungeon)

   It inflicts extra damage upon your enemies.
   It lets you see invisible.
   It lets you fly.
   It curses itself when equipped.
   It has a curse placed upon it.
 L - the +7 great mace "Firestarter" (weapon) {inner flame, rF++}
   (You found it in the Dungeon)

   It has been specially enchanted to burn those struck by it, causing extra
   injury to most foes and up to half again as much damage against particularly
   susceptible opponents.
   It greatly protects you from fire.
Armour
 b - a +0 scale mail
 c - a +0 shield
 o - a +2 chain mail of cold resistance
 J - the +15 Maxwell's patent armour (worn) {-Cast -Tele rElec MR+ rCorr}
   (You found it in the Dungeon)

   It insulates you from electricity.
   It affects your resistance to hostile enchantments.
   It prevents spellcasting.
   It prevents most forms of teleportation.
   It provides partial protection from all sources of acid and corrosion.
 K - the +18 shield of the Gong {rElec rN+ MR+ EV-5}
   (You found it in the Dungeon)

   It affects your evasion (-5).
   It insulates you from electricity.
   It protects you from negative energy.
   It affects your resistance to hostile enchantments.
Jewellery
 w - an uncursed ring of flight
 x - a +6 ring of dexterity
 y - a +6 ring of dexterity
 z - a +6 ring of intelligence
 A - a +6 ring of intelligence
 B - a +6 ring of strength
 C - a +6 ring of strength
Wands
 E - a wand of disintegration (7)
 F - a wand of iceblast (7)
 G - a wand of acid (7)
Scrolls
 k - 4 scrolls of blinking
 q - 4 scrolls of amnesia
 r - 7 scrolls of fog
 s - a scroll of holy word
 t - 5 scrolls of identify
 u - 5 scrolls of remove curse
 v - 2 scrolls of fear
Potions
 d - 6 potions of might
 e - 10 potions of curing
 g - 10 potions of heal wounds
 h - 6 potions of haste
 i - 7 potions of magic
 j - 3 potions of berserk rage
 l - 2 potions of brilliance
 m - a potion of invisibility
 n - 3 potions of resistance
 p - 5 potions of agility
Miscellaneous
 D - a lightning rod (4/4)
Comestibles
 f - 7 rations


   Skills:
 + Level 9.8 Fighting
 + Level 2.9(6.7) Axes
 + Level 8.0(8.2) Maces & Flails
 + Level 1.6 Throwing
 + Level 9.6 Armour
 + Level 1.4 Dodging
 + Level 1.7 Stealth
 + Level 7.9 Shields
 + Level 2.0 Unarmed Combat
 + Level 1.3 Spellcasting
 + Level 1.9 Evocations


You had 8 spell levels left.
You didn't know any spells.
Your spell library contained the following spells:

 Spells                   Type           Power        Failure   Level  Hunger
 Magic Dart               Conj           #...         100%        1    ##.....
 Ensorcelled Hibernation  Hex/Ice        #.....       100%        2    ###....
 Searing Ray              Conj           #.....       100%        2    ###....
 Dazzling Spray           Conj/Hex       #.....       100%        3    ####...
 Force Lance              Conj/Tloc      #.......     100%        4    #####..
 Fulminant Prism          Conj/Hex       #.........   100%        4    #####..
 Iskenderun's Mystic Bla  Conj           #.......     100%        4    #####..
 Borgnjor's Vile Clutch   Necr/Erth      #.........   100%        5    ######.
 Silence                  Hex/Air        #.........   100%        5    ######.
 Darkness                 Hex            #.........   100%        6    #######
 Shadow Creatures         Summ           N/A          100%        6    #######


Dungeon Overview and Level Annotations

Branches:
Dungeon (1/1)

Altars:
Ashenzari
Cheibriados
Dithmenos
Elyvilon
Fedhas
Gozag
Hepliaklqana
Kikubaaqudgha
Makhleb
Nemelex Xobeh
Okawaru
Qazlal
Ru
Sif Muna
Trog
Uskayaw
Vehumet
Wu Jian
Xom
Yredelemnul
Zin
The Shining One
Beogh
Jiyva
Lugonu

Annotations:
D 1 transporter


Message History

The mummy priest calls on the powers of darkness!
Your body is wracked with pain!
The mummy closely misses you. The guardian mummy hits you.
The guardian mummy hits you but does no damage.
The mummy priest hits you!
* * * LOW HITPOINT WARNING * * *
The mummy hits you.
* * * LOW HITPOINT WARNING * * *
The guardian mummy hits you but does no damage.
The mummy priest calls on the powers of darkness!
Your body is wracked with pain!
* * * LOW HITPOINT WARNING * * *
The mummy hits you.
* * * LOW HITPOINT WARNING * * *
The mummy hits you but does no damage.
The guardian mummy hits you but does no damage.
The mummy priest calls on the powers of darkness!
You feel a surge of unholy energy. The mummy hits you but does no damage.
The guardian mummy hits you!
You die...

▓.....▓.%.†.▓.....▓
▓.....▓.....▓..©..▓
▓..©..▓..©..▓▓▓▓▓▓▓
▓▓▓▓▓▓▓▓▓▓▓▓▓▓
▓..8©8...▓
▓..})|...▓
▓...:....▓
▓..MMM...▓
▓..M@....▓
▓........▓
▓...©....▓
▓▓▓▓▓▓▓▓▓▓


You could see a mummy priest, a guardian mummy and 2 mummies.

Vanquished Creatures
  A ynoxinul (D)
  2 steam dragons (D)
  A swamp drake (D)
  A small abomination (D)
  2 scorpions (D)
  A white imp (D)
  An ufetubus (D)
9 creatures vanquished.

Notes
Turn   | Place    | Note
-------+----------+-------------------------------------------
     0 | D        | Atelerd the Hill Orc Fighter began the quest for the Orb.
     0 | D        | Reached XP level 1. HP: 19/19 MP: 1/1
     5 | D        | Found a blossoming altar of Fedhas.
     6 | D        | Found the +6 Majin-Bo {vamp, Archmagi MP+6 Int+6}
     6 | D        | Found the +7 great mace "Firestarter" {inner flame, rF++}
     6 | D        | Found a deep blue altar of Sif Muna.
     6 | D        | Found a sacrificial altar of Ru.
     6 | D        | Found a bloodstained altar of Trog.
     6 | D        | Found a stormy altar of Qazlal.
     6 | D        | Found an iron altar of Okawaru.
     6 | D        | Found a sparkling altar of Nemelex Xobeh.
     8 | D        | Found a transporter.
     8 | D        | Found an ancient bone altar of Kikubaaqudgha.
     8 | D        | Found a viscous altar of Jiyva.
     8 | D        | Found a corrupted altar of Lugonu.
     8 | D        | Found a hazy altar of Hepliaklqana.
     8 | D        | Found a burning altar of Makhleb.
     8 | D        | Found an opulent altar of Gozag.
    43 | D        | Found the +9 heavy crossbow "Sniper" {velocity, Acc+∞ SInv}
    43 | D        | Found the +10 dark maul {crush}
    43 | D        | Found the +15 Maxwell's patent armour {-Cast -Tele rElec
                  | MR+ rCorr}
    43 | D        | Found the +18 shield of the Gong {rElec rN+ MR+ EV-5}
    43 | D        | Found the cursed +14 obsidian axe {chop, +Fly SInv *Curse}
    45 | D        | Found the +6 shillelagh "Devastator" {shatter}
    45 | D        | Found the +11 plutonium sword {*Contam Stlth-}
    45 | D        | Found the +8 lance "Wyrmbane" {slay drac, rPois rF+ rC+
                  | AC+3}
    45 | D        | Found the +9 sword of Zonguldrok {reap}
    45 | D        | Found the cursed +13 scythe of Curses {drain, *Curse}
    45 | D        | Found the +0 sword of Power
    45 | D        | Found the +7 mace of Variability {chain chaos}
    45 | D        | Found the +7 Singing Sword {slice, sonic wave}
    45 | D        | Found the +8 storm bow {elec, penet}
    78 | D        | Reached skill level 1 in Throwing
    78 | D        | Reached skill level 1 in Dodging
    78 | D        | Reached skill level 1 in Stealth
    78 | D        | Reached skill level 1 in Spellcasting
    78 | D        | Reached skill level 1 in Evocations
    78 | D        | Reached XP level 2. HP: 28/28 MP: 1/3
    83 | D        | Entered arena 2.
    83 | D        | Noticed a scorpion
    83 | D        | Noticed a scorpion
    83 | D        | Found a transporter.
    87 | D        | Killed a scorpion
    87 | D        | Killed a scorpion
    87 | D        | Reached skill level 5 in Fighting
    87 | D        | Reached skill level 5 in Armour
    87 | D        | Reached skill level 5 in Shields
    87 | D        | Reached XP level 3. HP: 32/37 MP: 1/4
    87 | D        | Reached XP level 4. HP: 39/44 MP: 1/5
   305 | D        | Entered arena 3.
   305 | D        | Noticed a steam dragon
   305 | D        | Noticed a steam dragon
   305 | D        | Noticed a swamp drake
   305 | D        | Found a transporter.
   315 | D        | Killed a steam dragon
   315 | D        | Reached skill level 5 in Maces & Flails
   315 | D        | Reached XP level 5. HP: 34/53 MP: 6/6
   317 | D        | Killed a swamp drake
   317 | D        | Reached XP level 6. HP: 27/61 MP: 7/7
   324 | D        | Killed a steam dragon
   490 | D        | Entered arena 4.
   490 | D        | Noticed a ynoxinul
   490 | D        | Found a transporter.
   495 | D        | Killed a ynoxinul
   495 | D        | Reached XP level 7. HP: 53/70 MP: 8/8
   527 | D        | Entered arena 5.
   527 | D        | Noticed a mummy priest
   527 | D        | Noticed a guardian mummy
   527 | D        | Found a transporter.
   535 | D        | HP: 1/71 [mummy (4)]
   537 | D        | Mangled by a guardian mummy

Levels and vault maps discovered:
D:        sprint_v [room_start, room_1, room_2, room_3, room_4, room_5, room_6,
          room_7, room_8, room_9, room_10, room_11, room_12, room_13, room_14,
          room_15, room_16, room_17, room_18, room_19, room_20, room_21,
          room_22, room_23, room_24, room_25, room_26, room_27]

Skill      XL: |  1  2  3  4  5  6  7 |
---------------+----------------------+-----
Fighting       | 4 5 7 8 9 |  9.8
Axes           | 2 |  2.9
Maces & Flails | 3 5 7 8 |  8.0
Throwing       | 1 |  1.6
Armour         | 4 5 7 9 |  9.6
Dodging        | 1 |  1.4
Stealth        | 1 |  1.7
Shields        | 4 5 6 7 |  7.9
Unarmed Combat | 2 |  2.0
Spellcasting   | 1 |  1.3
Evocations     | 1 |  1.9

Action                   |  1- 3 |  4- 6 |  7- 9 || total
-------------------------+-------+-------+-------++-------
Melee: Great mace        |     3 |    13 |       ||    16
  Use: Potion            |     2 |     1 |       ||     3
Armor: Plate armour      |     3 |    26 |     6 ||    35
Dodge: Dodged            |     1 |    12 |     2 ||    15

Table legend:
 A = Non-vault XP
 B = Vault XP
 C = Vault XP percentage of total XP
 D = Non-vault monster count
 E = Vault monster count
 F = Vault count percentage of total count
                 A         B        C        D         E       F
            +---------+---------+-------+---------+---------+-------
      Total |       0 |     854 | 100.0 |       0 |       9 | 100.0
            +---------+---------+-------+---------+---------+-------
          D |       0 |     854 | 100.0 |       0 |       9 | 100.0
            +---------+---------+-------+---------+---------+-------
